 Dungeon Crawl Stone Soup version 0.28-a0-906-g0406aca7d3 (webtiles) character file.

Game seed: 17877552820767586011

11 siradein the Vexing (level 2, -1/16 HPs)
             Began as a Deep Elf Arcane Marksman on Nov 23, 2021.
             Slain by a dart slug (3 damage)
             ... on level 1 of the Dungeon.
             The game lasted 00:01:33 (480 turns).

siradein the Vexing (Deep Elf Arcane Marksman)       Turns: 480, Time: 00:01:34

Health: -1/16      AC:  2    Str:  7    XL:     2   Next: 17%
Magic:  6/6        EV: 12    Int: 17    God:
Gold:   14         SH:  0    Dex: 15    Spells: 3/4 levels left

rFire   . . .      SeeInvis .   (no weapon)
rCold   . . .      Faith    .   (no shield)
rNeg    . . .      Spirit   .   a - +0 robe
rPois   .          Reflect  .   (no helmet)
rElec   .          Harm     .   (no cloak)
rCorr   .          Rampage  .   (no gloves)
Will    .....                   (no boots)
Stlth   +.........              (no amulet)
HPRegen 0.05/turn               (no ring)
MPRegen 0.10/turn               (no ring)

@: no status effects
A: no striking features
a: no special abilities


You were on level 1 of the Dungeon.
You visited 1 branch of the dungeon, and saw 2 of its levels.

You collected 14 gold pieces.

Inventory:

Missiles
 c - a throwing net (quivered)
Armour
 a - a +0 robe (worn)
Potions
 d - a potion of might {unknown}


   Skills:
 + Level 1.0 Fighting
 + Level 2.1 Throwing
 + Level 2.6 Dodging
 + Level 1.9 Spellcasting
 + Level 4.2 Hexes


You had 3 spell levels left.
You knew the following spells:

 Your Spells              Type           Power      Damage    Failure   Level
a - Slow                  Hex            64%        N/A       3%          1

Your spell library contained the following spells:

 Spells                   Type           Power      Damage    Failure   Level
 Inner Flame              Hex/Fire       8%         N/A       24%         3
 Portal Projectile        Hex/Tloc       16%        N/A       24%         3
 Cause Fear               Hex            8%         N/A       34%         4


Dungeon Overview and Level Annotations

Branches:
Dungeon (2/15)

Altars:


Message History

You hit the dart slug but do no damage.
The dart slug is heavily wounded.
The dart slug struggles against the net.
You hit the dart slug but do no damage.
The dart slug is heavily wounded.
The dart slug struggles against the net.
You hit the dart slug but do no damage.
The dart slug is heavily wounded.
You hit the dart slug.
The dart slug is severely wounded.
The dart slug struggles against the net.
The net rips apart, and the dart slug comes free!
You hit the dart slug.
The dart slug is almost dead.
You hit the dart slug but do no damage.
The dart slug is almost dead.
The dart slug bites you but does no damage.
You hit the dart slug but do no damage.
The dart slug is almost dead.
The dart slug bites you.
You hit the dart slug but do no damage.
The dart slug is almost dead.
The dart slug bites you.
You hit the dart slug.
The dart slug is almost dead.
You hit the dart slug but do no damage.
The dart slug is almost dead.
The dart slug launches a dart at you. The slug dart hits you.
* * * LOW HITPOINT WARNING * * *
You barely miss the dart slug.
The dart slug is almost dead.
The dart slug bites you.
* * * LOW HITPOINT WARNING * * *
You barely miss the dart slug.
The dart slug is almost dead.
You hit the dart slug but do no damage.
The dart slug is almost dead.
The dart slug bites you.
You die...

# ..... # ....... #
........ ####.........
#............
#............########
###.............(.....#
.........###..........#
.........# #....@.....#
.........# #.....w....#
.......).# #(.........#
......)..# #..........#
.....##### #........."#
.....# #.........(#
.....# #..........#
############


You could see a dart slug.

Vanquished Creatures
  A bat (D:1)
  An endoplasm (D:1)
  2 giant cockroaches (D:1)
  2 hobgoblins
  A quokka (D:2)
  A frilled lizard (D:1)
  2 rats
10 creatures vanquished.

Notes
Turn   | Place    | Note
-------+----------+-------------------------------------------
     0 | D:1      | siradein the Deep Elf Arcane Marksman began the quest for
                  | the Orb.
     0 | D:1      | Reached XP level 1. HP: 11/11 MP: 5/5
   175 | D:1      | Reached skill level 1 in Fighting
   211 | D:1      | You fall into a shaft and drop 1 floor!
   261 | D:2      | Reached XP level 2. HP: 7/16 MP: 6/6
   480 | D:1      | Slain by a dart slug

Illustrated notes

Levels and vault maps discovered:
D:1:      sevenhm_arrival_forest_fort_small_4, layout_basic
D:2:      layout_rooms, hellmonk_ecumenical_altar_crossroads,
          kennysheep_cross_bottleneck, eino_curves_04,
          chequers_serial_rivers_micro_b

Skill      XL: |  1 |
---------------+----+-----
Fighting       | 1 |  1.0
Throwing       | |  2.1
Dodging        | |  2.6
Spellcasting   | |  1.9
Hexes          | |  4.2

Action                   || total
-------------------------++-------
Melee: Unarmed           ||    21
Throw: Javelin           ||    20
       Throwing net      ||     1
Armor: Robe              ||     4
Dodge: Dodged            ||    19

Table legend: (Time is in decaauts)
 A = Elapsed time spent in this place.
 B = Non-inter-level travel time spent in this place.
 C = Inter-level travel time spent in this place.
 D = Time resting spent in this place.
 E = Time spent auto-exploring this place.
 F = Levels seen in this place.
 G = Mean time per level.
                   A        B        C        D        E       F      G
               +--------+--------+--------+--------+--------+-----+--------+
         Total |    488 |    488 |      0 |      0 |    356 |   2 |  244.0 |
       Dungeon |    488 |    488 |      0 |      0 |    356 |   2 |  244.0 |
               +--------+--------+--------+--------+--------+-----+--------+

Top non-repeatable levels by time:
     D:1: 244 daAuts
     D:2: 244 daAuts
